[Event "January 9 Early 2024"]
[Site "https://www.chess.com"]
[Date "2024.01.11"]
[Round "1"]
[White "Von Buelow, Georg"]
[Black "Pinero Rodriguez, Carlos Jose"]
[Result "0-1"]
[Board "1"]
[TimeControl "180+1"]
[WhiteFideId "4620658"]
[BlackFideId "3901726"]
[WhiteElo "2113"]
[BlackElo "2557"]
[WhiteTeam "GER"]
[BlackTeam "VEN"]
[WhiteClock "0:02:30"]
[BlackClock "0:02:48"]

1. e4 c5 2. Nf3 e6 3. d4 cxd4 4. Nxd4 a6 5. Bd3 Qc7 6. O-O Nf6 7. Qe2 h5 8. h3 d6 9. c4 Be7 10. Nc3 Nbd7 11. Bd2 b6 12. Rac1 Bb7 13. b4 Rc8 14. a3 Ne5 15. f4 Nxd3 16. Qxd3 Qxc4 0-1

[Event "January 9 Early 2024"]
[Site "https://www.chess.com"]
[Date "2024.01.11"]
[Round "1"]
[White "Travadon, Loic"]
[Black "Coca Cubillos, Jesus Alberto"]
[Result "0-1"]
[Board "2"]
[TimeControl "180+1"]
[WhiteFideId "26092131"]
[BlackFideId "4462912"]
[WhiteElo "2224"]
[BlackElo "2599"]
[WhiteTeam "FRA"]
[BlackTeam "COL"]
[WhiteClock "0:01:58"]
[BlackClock "0:02:29"]

1. e4 g6 2. d4 Bg7 3. Nc3 d6 4. Be3 Nc6 5. Bb5 Bd7 6. Bxc6 bxc6 7. f4 f6 8. Nf3 Nh6 9. O-O O-O 10. f5 gxf5 11. Bxh6 Bxh6 12. Qe1 Kh8 13. Qh4 Be3+ 14. Kh1 f4 15. Qh6 Rg8 16. Rad1 Rg6 17. Qh5 Qg8 18. Nh4 Rg5 19. Qh6 Bg4 20. h3 Rh5 0-1

[Event "January 9 Early 2024"]
[Site "https://www.chess.com"]
[Date "2024.01.11"]
[Round "1"]
[White "Ibarra Jerez, Jose Carlos"]
[Black "Kanyamarala, Tarun"]
[Result "1-0"]
[Board "3"]
[TimeControl "180+1"]
[WhiteFideId "2226332"]
[BlackFideId "45004714"]
[WhiteElo "2950"]
[BlackElo "2503"]
[WhiteTeam "ESP"]
[BlackTeam "IRL"]
[WhiteClock "0:02:02"]
[BlackClock "0:02:09"]

1. e4 c6 2. Nf3 d5 3. d3 dxe4 4. dxe4 Qxd1+ 5. Kxd1 f6 6. Bc4 e5 7. a4 Bc5 8. Ke2 a5 9. Nbd2 Nd7 10. Rd1 Ne7 11. Ba2 Nb6 12. Nb3 Nxa4 13. Bb1 b5 14. Rxa4 bxa4 15. Nxc5 Ba6+ 16. Ke1 Kf7 17. Ba2+ Kg6 18. Nh4+ Kh5 19. g3 g5 20. Bf7+ Kh6 21. Rd7 Ng6 22. Nf5+ 1-0

[Event "January 9 Early 2024"]
[Site "https://www.chess.com"]
[Date "2024.01.11"]
[Round "1"]
[White "Gokerkan, Cem Kaan"]
[Black "Gutierrez Olivares, Daniel"]
[Result "1-0"]
[Board "7"]
[TimeControl "180+1"]
[WhiteFideId "6336760"]
[BlackFideId "2264005"]
[WhiteElo "2848"]
[BlackElo "2460"]
[WhiteTeam "TUR"]
[BlackTeam "ESP"]
[WhiteClock "0:02:22"]
[BlackClock "0:01:15"]

1. e4 e6 2. d4 d5 3. Nd2 Be7 4. Ngf3 b6 5. exd5 exd5 6. Bd3 Nf6 7. O-O O-O 8. Re1 Bb7 9. Nf1 Na6 10. c3 c5 11. Ng3 g6 12. Qe2 Re8 13. Bxa6 Bd6 14. Be3 1-0

[Event "January 9 Early 2024"]
[Site "https://www.chess.com"]
[Date "2024.01.11"]
[Round "1"]
[White "Kraus, Tomas"]
[Black "Dyachuk, Artem"]
[Result "0-1"]
[Board "8"]
[TimeControl "180+1"]
[WhiteFideId "331708"]
[BlackFideId "34107924"]
[WhiteElo "2376"]
[BlackElo "2707"]
[WhiteTeam "CZE"]
[BlackTeam "UKR"]
[WhiteClock "0:01:14"]
[BlackClock "0:02:21"]

1. e4 c5 2. Nc3 d6 3. f4 g6 4. Nf3 Bg7 5. Bb5+ Bd7 6. Bc4 e6 7. O-O Ne7 8. f5 gxf5 9. exf5 Nxf5 10. d3 Nc6 11. Bg5 Qc7 12. Nh4 Nxh4 13. Bxh4 Ne5 14. Bb3 Ng6 15. Qf3 Bc6 16. Qf2 Bd4 0-1

[Event "January 9 Early 2024"]
[Site "https://www.chess.com"]
[Date "2024.01.11"]
[Round "1"]
[White "Diaz, Fernando"]
[Black "Janaszak, Dawid"]
[Result "0-1"]
[Board "9"]
[TimeControl "180+1"]
[WhiteFideId "3701255"]
[BlackFideId "1119206"]
[WhiteElo "2271"]
[BlackElo "2625"]
[WhiteTeam "PAR"]
[BlackTeam "POL"]
[WhiteClock "0:01:51"]
[BlackClock "0:01:52"]

1. e4 c5 2. d4 cxd4 3. c3 Nf6 4. e5 Nd5 5. Nf3 Nc6 6. cxd4 d6 7. a3 Bf5 8. Bc4 e6 9. O-O dxe5 10. dxe5 Be7 11. Qe2 O-O 12. Bd2 Qb6 13. b4 Rac8 14. Bxd5 exd5 15. Nc3 Rfd8 16. Rac1 Bg4 17. Bf4 Nd4 18. Qe3 Nxf3+ 19. gxf3 d4 20. Qe4 dxc3 21. fxg4 Rd4 22. Be3 Rxe4 23. Bxb6 Rxg4+ 24. Kh1 axb6 0-1

[Event "January 9 Early 2024"]
[Site "https://www.chess.com"]
[Date "2024.01.11"]
[Round "1"]
[White "Kanyamarala, Trisha"]
[Black "Chigaev, Maksim"]
[Result "0-1"]
[Board "10"]
[TimeControl "180+1"]
[WhiteFideId "45004722"]
[BlackFideId "4108116"]
[WhiteElo "2505"]
[BlackElo "2954"]
[WhiteTeam "IRL"]
[BlackTeam "ESP"]
[WhiteClock "0:01:34"]
[BlackClock "0:01:56"]

1. c4 g6 2. Nc3 Bg7 3. g3 d6 4. Bg2 f5 5. Nf3 Nf6 6. d4 O-O 7. d5 e5 8. dxe6 Bxe6 9. Ng5 Bxc4 10. Bxb7 Nbd7 11. Bxa8 Qxa8 12. O-O Ne5 13. Be3 h6 14. Nf3 Bxe2 15. Qxe2 Nxf3+ 16. Qxf3 Qxf3 17. Rfe1 g5 18. Bd4 Ng4 19. Be3 f4 20. gxf4 gxf4 21. Bxa7 c5 0-1

[Event "January 9 Early 2024"]
[Site "https://www.chess.com"]
[Date "2024.01.11"]
[Round "1"]
[White "Acosta Cruz, Oscar Yosimar"]
[Black "Silva, Kaua Marques"]
[Result "1-0"]
[Board "11"]
[TimeControl "180+1"]
[WhiteFideId "5111269"]
[BlackFideId "22701168"]
[WhiteElo "2188"]
[BlackElo "2555"]
[WhiteTeam "MEX"]
[BlackTeam "BRA"]
[WhiteClock "0:02:19"]
[BlackClock "0:01:38"]

1. e4 e6 2. d4 d5 3. Bd3 dxe4 4. Bxe4 Nf6 5. Bf3 c5 6. Ne2 Nc6 7. Be3 cxd4 8. Nxd4 Nxd4 9. Qxd4 Qxd4 10. Bxd4 Nd7 11. Nc3 e5 12. Be3 Bb4 13. O-O O-O 14. Nd5 Bd6 15. Rfd1 f5 16. Nb6 Nxb6 17. Rxd6 e4 18. Be2 Rf6 19. Rad1 1-0

[Event "January 9 Early 2024"]
[Site "https://www.chess.com"]
[Date "2024.01.11"]
[Round "1"]
[White "Barbosa, Evandro Amorim"]
[Black "Can, Melih Kaan"]
[Result "0-1"]
[Board "13"]
[TimeControl "180+1"]
[WhiteFideId "2115824"]
[BlackFideId "6317383"]
[WhiteElo "2687"]
[BlackElo "2392"]
[WhiteTeam "BRA"]
[BlackTeam "TUR"]
[WhiteClock "0:01:42"]
[BlackClock "0:02:01"]

1. e4 c5 2. Nf3 a6 3. c4 Nc6 4. Nc3 g6 5. d4 cxd4 6. Nxd4 Bg7 7. Be3 Nf6 8. Be2 O-O 9. O-O Qc7 10. Rc1 d6 11. f3 Bd7 12. Nd5 Qa5 13. Nxc6 bxc6 14. Nxe7+ Kh8 15. Qxd6 Rfd8 16. Nxc6 Bxc6 17. Qxc6 Qxa2 18. Rfd1 Qxb2 19. Bf1 Rdc8 20. Qb6 Qa3 21. c5 Qxe3+ 22. Kh1 Nh5 23. Qa5 Bd4 0-1

[Event "January 9 Early 2024"]
[Site "https://www.chess.com"]
[Date "2024.01.11"]
[Round "1"]
[White "Jakubowski, Krzysztof"]
[Black "Zgadzaj, Rafal"]
[Result "1-0"]
[Board "14"]
[TimeControl "180+1"]
[WhiteFideId "1112848"]
[BlackFideId "1113712"]
[WhiteElo "2666"]
[BlackElo "2341"]
[WhiteTeam "POL"]
[BlackTeam "POL"]
[WhiteClock "0:01:52"]
[BlackClock "0:01:21"]

1. e4 d6 2. d4 Nf6 3. Nc3 g6 4. f4 c6 5. Nf3 Bg4 6. Be3 Bg7 7. h3 Bxf3 8. Qxf3 e6 9. g4 d5 10. e5 Nfd7 11. O-O-O h5 12. Be2 Na6 13. f5 hxg4 14. hxg4 Rxh1 15. Rxh1 gxf5 16. gxf5 exf5 17. Rh7 Kf8 18. Qg3 Bxe5 19. dxe5 Qe7 20. Rh8# 1-0

[Event "January 9 Early 2024"]
[Site "https://www.chess.com"]
[Date "2024.01.11"]
[Round "1"]
[White "Keymer, Vincent"]
[Black "Flynn, Jacob"]
[Result "1-0"]
[Board "15"]
[TimeControl "180+1"]
[WhiteFideId "12940690"]
[BlackFideId "2509393"]
[WhiteElo "3031"]
[BlackElo "2522"]
[WhiteTeam "GER"]
[BlackTeam "IRL"]
[WhiteClock "0:02:12"]
[BlackClock "0:01:24"]

1. a3 d5 2. Nf3 Nf6 3. e3 c5 4. b4 e6 5. bxc5 Bxc5 6. d4 Bd6 7. c4 O-O 8. Nbd2 b6 9. Bb2 Bb7 10. Bd3 Nbd7 11. O-O Rc8 12. Rc1 Qe7 13. a4 Ba3 14. Qb3 Bxb2 15. Qxb2 Rc7 16. cxd5 Nxd5 17. Rxc7 Nxc7 18. Bxh7+ Kxh7 19. Qc2+ Kg8 20. Qxc7 Ba6 21. Rb1 Rc8 22. Qxa7 Bd3 23. Re1 Qd6 24. a5 bxa5 25. Qxa5 Bg6 26. h3 Rb8 27. Rc1 Nf6 28. Qc7 Qxc7 29. Rxc7 Rb2 30. g4 Be4 31. Rc8+ 1-0

[Event "January 9 Early 2024"]
[Site "https://www.chess.com"]
[Date "2024.01.11"]
[Round "1"]
[White "Urbina Perez, Juan Antonio"]
[Black "Pranav, V"]
[Result "0-1"]
[Board "16"]
[TimeControl "180+1"]
[WhiteFideId "2217368"]
[BlackFideId "25060783"]
[WhiteElo "2522"]
[BlackElo "3029"]
[WhiteTeam "ESP"]
[BlackTeam "IND"]
[WhiteClock "0:01:06"]
[BlackClock "0:02:30"]

1. d4 Nf6 2. Nf3 e6 3. c4 b6 4. g3 Bb7 5. Bg2 Be7 6. O-O O-O 7. Nc3 a5 8. d5 Bb4 9. dxe6 fxe6 10. Qc2 Na6 11. a3 Be7 12. Rd1 Nc5 13. Be3 Qe8 14. Nd4 Bxg2 15. Kxg2 Ng4 16. Ndb5 Qh5 17. h3 Nxe3+ 18. fxe3 Qe5 19. e4 c6 20. Nd4 Bd6 21. Rd3 Nxd3 22. Qxd3 Rf7 23. Rd1 Raf8 24. Nxc6 Rf2+ 25. Kg1 dxc6 26. Qxd6 Rf1+ 0-1

[Event "January 9 Early 2024"]
[Site "https://www.chess.com"]
[Date "2024.01.11"]
[Round "1"]
[White "Belov, Alexei"]
[Black "De Sousa, Daniel Aguiar"]
[Result "1-0"]
[Board "17"]
[TimeControl "180+1"]
[WhiteFideId "4128206"]
[BlackFideId "44736797"]
[WhiteElo "2550"]
[BlackElo "2036"]
[WhiteTeam "RUS"]
[BlackTeam "BRA"]
[WhiteClock "0:02:18"]
[BlackClock "0:01:10"]

1. e4 c5 2. Nf3 Nc6 3. d4 cxd4 4. Nxd4 Nf6 5. Nc3 e5 6. Ndb5 d6 7. Bg5 a6 8. Na3 b5 9. Nd5 Be7 10. Bxf6 Bxf6 11. c3 Bg5 12. Nc2 O-O 13. a4 Rb8 14. axb5 axb5 15. Ncb4 Nxb4 16. Nxb4 Kh8 17. Bd3 Bb7 18. O-O Bf4 19. Qe2 f5 20. g3 fxe4 21. Bxe4 Bxe4 22. Qxe4 Bh6 23. Nc6 Qc7 24. Nxb8 Rxb8 25. Ra8 g6 26. Rfa1 Bf8 27. Rxb8 Qxb8 28. Ra8 1-0

[Event "January 9 Early 2024"]
[Site "https://www.chess.com"]
[Date "2024.01.11"]
[Round "1"]
[White "Khismatullin, Denis"]
[Black "Shevchuk, Olexandr"]
[Result "1-0"]
[Board "18"]
[TimeControl "180+1"]
[WhiteFideId "4142578"]
[BlackFideId "14113775"]
[WhiteElo "2958"]
[BlackElo "2505"]
[WhiteTeam "RUS"]
[BlackTeam "UKR"]
[WhiteClock "0:01:53"]
[BlackClock "0:01:14"]

1. Nf3 d5 2. e3 Nf6 3. c4 c6 4. Nc3 e6 5. b3 Bd6 6. Bb2 O-O 7. d4 Nbd7 8. Be2 b6 9. O-O Bb7 10. Rc1 Rc8 11. Rc2 Qe7 12. Qc1 Rfd8 13. Rd1 h6 14. h3 dxc4 15. bxc4 c5 16. d5 exd5 17. cxd5 a6 18. a4 Ne5 19. Nh4 g6 20. e4 Nh5 21. Nf5 Qg5 22. Nxh6+ 1-0

[Event "January 9 Early 2024"]
[Site "https://www.chess.com"]
[Date "2024.01.11"]
[Round "1"]
[White "Krstulovic, Alex"]
[Black "Eilenberg, Jonas"]
[Result "1-0"]
[Board "19"]
[TimeControl "180+1"]
[WhiteFideId "760056"]
[BlackFideId "16204271"]
[WhiteElo "2683"]
[BlackElo "2355"]
[WhiteTeam "HUN"]
[BlackTeam "GER"]
[WhiteClock "0:01:58"]
[BlackClock "0:01:28"]

1. Nc3 d5 2. e3 Nf6 3. h3 c6 4. d3 Bf5 5. g4 Bg6 6. Bg2 e6 7. Bd2 Nbd7 8. f4 h5 9. g5 Ng8 10. Nf3 Ne7 11. e4 dxe4 12. dxe4 Qb6 13. Qe2 h4 14. O-O-O O-O-O 15. Na4 Qc7 16. Qf2 Kb8 17. Nxh4 Bh5 18. Bf3 f6 19. f5 Ne5 20. Bxh5 Rxh5 21. fxe6 fxg5 22. Nf5 Nxf5 23. exf5 Bd6 24. Be3 Rh4 25. Bxa7+ Ka8 26. Nb6+ Kxa7 27. Nd5+ Kb8 28. Nxc7 Kxc7 29. Rhe1 Ra4 30. Rxd6 1-0

[Event "January 9 Early 2024"]
[Site "https://www.chess.com"]
[Date "2024.01.11"]
[Round "1"]
[White "Vokhidov, Shamsiddin"]
[Black "Herman, Matthew"]
[Result "1-0"]
[Board "20"]
[TimeControl "180+1"]
[WhiteFideId "14204223"]
[BlackFideId "2028964"]
[WhiteElo "3004"]
[BlackElo "2518"]
[WhiteTeam "UZB"]
[BlackTeam "USA"]
[WhiteClock "0:02:50"]
[BlackClock "0:00:11"]

1. d4 Nf6 2. c4 g6 3. Nf3 Bg7 4. g3 O-O 5. Bg2 d6 6. Nc3 c5 7. O-O Nc6 8. dxc5 dxc5 9. Bf4 Nh5 10. Bg5 Be6 11. Qa4 Qa5 12. Qxa5 Nxa5 13. Bxe7 Rfe8 14. Bxc5 Nxc4 15. Nd4 Rac8 16. Bxa7 Nxb2 17. Ncb5 Nc4 18. Bxb7 Rcd8 19. Rac1 Bh6 20. Nxe6 1-0

[Event "January 9 Early 2024"]
[Site "https://www.chess.com"]
[Date "2024.01.11"]
[Round "1"]
[White "Demin, Vladimir"]
[Black "Md, Sariatullah"]
[Result "1-0"]
[Board "21"]
[TimeControl "180+1"]
[WhiteFideId "4167457"]
[BlackFideId "10207333"]
[WhiteElo "2590"]
[BlackElo "2210"]
[WhiteTeam "RUS"]
[BlackTeam "BAN"]
[WhiteClock "0:02:04"]
[BlackClock "0:01:21"]

1. d4 Nf6 2. Nc3 e6 3. e4 Bb4 4. e5 Nd5 5. Qg4 g6 6. Bg5 Be7 7. h4 h6 8. Bxe7 Nxe7 9. Ne4 Ng8 10. h5 g5 11. f4 f5 12. exf6 Nxf6 13. Nxf6+ Qxf6 14. fxg5 Qxg5 15. Qxg5 hxg5 16. g4 Nc6 17. Nf3 d6 18. Be2 e5 19. dxe5 Bxg4 20. exd6 O-O-O 21. O-O-O cxd6 22. Nd4 Bxe2 23. Nxe2 Rh6 24. Rdg1 Rg8 25. Ng3 Ne5 26. Nf5 Rf6 27. Ne7+ 1-0

[Event "January 9 Early 2024"]
[Site "https://www.chess.com"]
[Date "2024.01.11"]
[Round "1"]
[White "Andreev, Konstantin"]
[Black "Winkels, Marcel"]
[Result "1-0"]
[Board "22"]
[TimeControl "180+1"]
[WhiteFideId "24239305"]
[BlackFideId "1003887"]
[WhiteElo "2547"]
[BlackElo "1993"]
[WhiteTeam "ITA"]
[BlackTeam "NED"]
[WhiteClock "0:02:03"]
[BlackClock "0:01:07"]

1. e4 c5 2. Nf3 d6 3. d4 cxd4 4. Nxd4 Nf6 5. Nc3 a6 6. h4 e5 7. Nb3 Be7 8. Bg5 h6 9. Bxf6 Bxf6 10. g3 Be6 11. Qd3 Nc6 12. O-O-O O-O 13. Kb1 Be7 14. f4 Bg4 15. Be2 Bxe2 16. Qxe2 a5 17. Nd5 a4 18. Nc1 Nd4 19. Qf2 Rc8 20. c3 Nc6 21. f5 a3 22. b3 b5 23. g4 b4 24. c4 Nd4 25. g5 hxg5 26. hxg5 Bxg5 27. Qh2 Bh6 28. Rdg1 Nf3 29. Qxh6 f6 30. Qxg7# 1-0

[Event "January 9 Early 2024"]
[Site "https://www.chess.com"]
[Date "2024.01.11"]
[Round "1"]
[White "Seder, Mohammed"]
[Black "Boyer, Mahel"]
[Result "0-1"]
[Board "23"]
[TimeControl "180+1"]
[WhiteFideId "11505567"]
[BlackFideId "45102422"]
[WhiteElo "2319"]
[BlackElo "2655"]
[WhiteTeam "PLE"]
[BlackTeam "FRA"]
[WhiteClock "0:01:02"]
[BlackClock "0:01:50"]

1. e4 c5 2. Nf3 d6 3. Bb5+ Bd7 4. Bxd7+ Qxd7 5. O-O Nc6 6. c3 d5 7. exd5 Qxd5 8. d4 e6 9. Be3 Nge7 10. Na3 Nf5 11. Nb5 Rc8 12. Qe2 c4 13. Na3 Bxa3 14. bxa3 b5 15. Bf4 O-O 16. Rab1 Rfd8 17. Nd2 a5 18. a4 b4 19. Nxc4 bxc3 20. Nb6 Qxd4 0-1

[Event "January 9 Early 2024"]
[Site "https://www.chess.com"]
[Date "2024.01.11"]
[Round "1"]
[White "Smirnov, Mark"]
[Black "Vargas, Mauricio"]
[Result "1-0"]
[Board "24"]
[TimeControl "180+1"]
[WhiteFideId "13764594"]
[BlackFideId "4404572"]
[WhiteElo "2539"]
[BlackElo "1842"]
[WhiteTeam "KAZ"]
[BlackTeam "COL"]
[WhiteClock "0:01:27"]
[BlackClock "0:01:43"]

1. e4 c5 2. Nf3 Nc6 3. Bb5 Nd4 4. Nxd4 cxd4 5. O-O e5 6. d3 h6 7. f4 a6 8. Bc4 b5 9. Bd5 Rb8 10. Qh5 Qe7 11. Bxf7+ Kd8 12. fxe5 Bb7 13. Bf4 g5 14. Bg3 Bg7 15. e6 d6 16. Qg6 Be5 17. Bxe5 dxe5 18. Bxg8 1-0

[Event "January 9 Early 2024"]
[Site "https://www.chess.com"]
[Date "2024.01.11"]
[Round "1"]
[White "Sarkar, Justin"]
[Black "Domalchuk-Jonasson, Aleksandr"]
[Result "0-1"]
[Board "25"]
[TimeControl "180+1"]
[WhiteFideId "2010011"]
[BlackFideId "14142805"]
[WhiteElo "2273"]
[BlackElo "2628"]
[WhiteTeam "USA"]
[BlackTeam "ISL"]
[WhiteClock "0:00:22"]
[BlackClock "0:02:19"]

1. d4 e6 2. e4 d5 3. Nc3 Bb4 4. Bd3 c5 5. exd5 Qxd5 6. Nf3 cxd4 7. Nxd4 Qxg2 8. Qf3 Qxf3 9. Nxf3 Nc6 10. Bd2 e5 11. O-O-O Bg4 12. Be4 Nf6 13. Bxc6+ bxc6 14. Nxe5 Bxd1 15. Rxd1 Rc8 16. Bg5 Bxc3 17. bxc3 Ne4 18. Be3 Nxc3 0-1

[Event "January 9 Early 2024"]
[Site "https://www.chess.com"]
[Date "2024.01.11"]
[Round "1"]
[White "Onufrienko, Vladislav"]
[Black "Soraas, Torben"]
[Result "1-0"]
[Board "26"]
[TimeControl "180+1"]
[WhiteFideId "13804332"]
[BlackFideId "1503529"]
[WhiteElo "2608"]
[BlackElo "2241"]
[WhiteTeam "KGZ"]
[BlackTeam "NOR"]
[WhiteClock "0:02:08"]
[BlackClock "0:00:45"]

1. e4 e6 2. d4 d5 3. Nc3 dxe4 4. Nxe4 Nd7 5. Bd3 Ngf6 6. Qe2 c5 7. Nf3 Nxe4 8. Bxe4 Nf6 9. O-O Nxe4 10. Qxe4 Be7 11. dxc5 Bxc5 12. Bg5 Qb6 13. c3 O-O 14. b4 Bd6 15. Rad1 f6 16. Be3 Qc7 17. Nd4 Bxh2+ 18. Kh1 Qe5 19. Qh4 Qc7 20. Qxh2 Qxc3 21. Nb5 Qxb4 22. Nc7 Rb8 23. Bxa7 1-0

[Event "January 9 Early 2024"]
[Site "https://www.chess.com"]
[Date "2024.01.11"]
[Round "1"]
[White "Sanhueza, Cristian"]
[Black "Garcia Correa, Jose Ricardo"]
[Result "1-0"]
[Board "27"]
[TimeControl "180+1"]
[WhiteFideId "116815"]
[BlackFideId "5101832"]
[WhiteElo "2599"]
[BlackElo "2226"]
[WhiteTeam "ARG"]
[BlackTeam "MEX"]
[WhiteClock "0:01:47"]
[BlackClock "0:01:03"]

1. e4 c5 2. Nf3 e6 3. d4 cxd4 4. Nxd4 a6 5. Be2 Qc7 6. O-O Nf6 7. Nc3 b5 8. Bf3 Bb7 9. e5 Ng8 10. Re1 Nc6 11. Nxc6 Bxc6 12. Bxc6 Qxc6 13. Ne4 Rc8 14. c3 Be7 15. Qg4 Kf8 16. Bg5 h6 17. Bxe7+ Nxe7 18. Nd6 Rc7 19. Qf4 f6 20. exf6 Nf5 21. fxg7+ Kxg7 22. Nxf5+ exf5 23. Re7+ Kf6 24. Rae1 Qc5 25. Qh4+ Kg6 26. Qg3+ Kh5 27. Rg7 f4 28. Qh3# 1-0

[Event "January 9 Early 2024"]
[Site "https://www.chess.com"]
[Date "2024.01.11"]
[Round "1"]
[White "Tasev, Dejan"]
[Black "Petrova, Irina"]
[Result "1-0"]
[Board "28"]
[TimeControl "180+1"]
[WhiteFideId "936618"]
[BlackFideId "14124122"]
[WhiteElo "2681"]
[BlackElo "2358"]
[WhiteTeam "SRB"]
[BlackTeam "UKR"]
[WhiteClock "0:01:48"]
[BlackClock "0:00:49"]

1. e4 d6 2. d4 Nf6 3. Nc3 e5 4. Nge2 Nc6 5. h3 Be7 6. g4 d5 7. exd5 Nxd5 8. Bg2 Nxc3 9. bxc3 h5 10. d5 Na5 11. gxh5 Nc4 12. Qd3 Nd6 13. Ng3 Bd7 14. c4 Bh4 15. Be3 Bxg3 16. fxg3 Bf5 17. Qe2 Be4 18. O-O Bxg2 19. Kxg2 Qd7 20. g4 f5 21. c5 Ne4 22. c4 O-O-O 1-0

[Event "January 9 Early 2024"]
[Site "https://www.chess.com"]
[Date "2024.01.11"]
[Round "1"]
[White "Peiris, T G M"]
[Black "Vlassov, Nikolai"]
[Result "0-1"]
[Board "29"]
[TimeControl "180+1"]
[WhiteFideId "9901310"]
[BlackFideId "4103360"]
[WhiteElo "2261"]
[BlackElo "2617"]
[WhiteTeam "SRI"]
[BlackTeam "FID"]
[WhiteClock "0:00:56"]
[BlackClock "0:01:50"]

1. e4 Nc6 2. d4 d5 3. e5 h5 4. Nf3 Bg4 5. Be2 Qd7 6. Be3 f6 7. exf6 gxf6 8. h3 Bxf3 9. Bxf3 O-O-O 10. Bxh5 Kb8 11. Bg4 Qd6 12. Nd2 e5 13. c3 Bh6 14. O-O Nge7 15. dxe5 fxe5 16. Bxh6 Rxh6 17. b4 e4 18. b5 Ne5 19. Nb3 Rg8 20. f3 exf3 21. Bxf3 Rxh3 22. Nd4 Nxf3+ 23. Nxf3 Rxg2+ 24. Kxg2 Qg3# 0-1

[Event "January 9 Early 2024"]
[Site "https://www.chess.com"]
[Date "2024.01.11"]
[Round "1"]
[White "Sava, Ana-Maria"]
[Black "Rogov, Matfey"]
[Result "0-1"]
[Board "30"]
[TimeControl "180+1"]
[WhiteFideId "1213504"]
[BlackFideId "44191308"]
[WhiteElo "1821"]
[BlackElo "2538"]
[WhiteTeam "ROU"]
[BlackTeam "RUS"]
[WhiteClock "0:01:40"]
[BlackClock "0:01:31"]

1. e4 e5 2. Nf3 Nc6 3. Bb5 Bb4 4. a3 Ba5 5. Bxc6 dxc6 6. b4 Bb6 7. Bb2 f6 8. c4 c5 9. b5 Ne7 10. Bc3 O-O 11. a4 c6 12. a5 Bc7 13. O-O Bg4 14. d3 cxb5 15. cxb5 b6 16. Qb3+ Kh8 17. Qd1 Qd7 18. h3 Bh5 19. Nbd2 Qxd3 20. Rc1 Qxb5 21. axb6 axb6 22. Qc2 Qa4 23. Qb2 Bxf3 24. gxf3 Qd7 25. Kh2 Ng6 26. Rg1 f5 27. exf5 e4+ 28. Kh1 Qxf5 29. Bxg7+ Kg8 0-1

[Event "January 9 Early 2024"]
[Site "https://www.chess.com"]
[Date "2024.01.11"]
[Round "1"]
[White "Skatchkov, Valery"]
[Black "Abrosimov, Vladimir"]
[Result "1-0"]
[Board "31"]
[TimeControl "180+1"]
[WhiteFideId "24195812"]
[BlackFideId "4166892"]
[WhiteElo "2588"]
[BlackElo "2205"]
[WhiteTeam "RUS"]
[BlackTeam "RUS"]
[WhiteClock "0:01:31"]
[BlackClock "0:01:17"]

1. d4 b5 2. e4 a6 3. Bd3 Bb7 4. Ne2 e6 5. O-O Nf6 6. Nd2 c5 7. c3 d6 8. a4 c4 9. Bc2 Nbd7 10. Ng3 Be7 11. f4 Qc7 12. Nf3 Nb6 13. a5 Nc8 14. e5 Nd5 15. f5 Na7 16. fxe6 fxe6 17. Ng5 Bxg5 18. Bxg5 g6 19. Qg4 Qd7 20. Ne4 dxe5 21. Nc5 Qc6 22. Nxb7 exd4 23. Rae1 Kd7 24. Rf7+ Kc8 25. Rxe6 Qxb7 26. Re8# 1-0

[Event "January 9 Early 2024"]
[Site "https://www.chess.com"]
[Date "2024.01.11"]
[Round "1"]
[White "Matveeva, Olga"]
[Black "Ozer, Omer Faruk"]
[Result "0-1"]
[Board "32"]
[TimeControl "180+1"]
[WhiteFideId "24107018"]
[BlackFideId "6354564"]
[WhiteElo "2391"]
[BlackElo "2721"]
[WhiteTeam "RUS"]
[BlackTeam "TUR"]
[WhiteClock "0:00:31"]
[BlackClock "0:02:05"]

1. d4 Nf6 2. c4 g6 3. g3 Bg7 4. Bg2 O-O 5. Nc3 d6 6. Nf3 c6 7. O-O Bf5 8. Nh4 Be6 9. b3 d5 10. Qd3 Nbd7 11. e4 dxc4 12. bxc4 Ne5 13. Qd1 Nxc4 14. Rb1 b6 15. d5 cxd5 16. exd5 Bg4 17. f3 Bd7 18. Nb5 a6 19. Na3 Rc8 20. Nxc4 Rxc4 21. Re1 Ba4 22. Qd3 b5 23. f4 Bc2 0-1

[Event "January 9 Early 2024"]
[Site "https://www.chess.com"]
[Date "2024.01.11"]
[Round "1"]
[White "Olsson, Linus"]
[Black "Christiansen, Johan-Sebastian"]
[Result "1-0"]
[Board "33"]
[TimeControl "180+1"]
[WhiteFideId "1706098"]
[BlackFideId "1512668"]
[WhiteElo "2499"]
[BlackElo "2884"]
[WhiteTeam "SWE"]
[BlackTeam "NOR"]
[WhiteClock "0:01:05"]
[BlackClock "0:01:40"]

1. d4 Nf6 2. c4 c5 3. d5 b5 4. cxb5 a6 5. b6 e6 6. Nc3 exd5 7. Nxd5 Nxd5 8. Qxd5 Nc6 9. Nf3 Rb8 10. e3 Be7 11. Bd3 O-O 12. h4 Nb4 13. Bxh7+ Kh8 14. Qh5 g6 15. Bxg6+ Kg7 16. Qh7+ Kf6 17. Bh5 Ke6 18. e4 d5 19. Bf4 Nd3+ 20. Kf1 Nxf4 21. Qf5+ Kd6 22. Qxf4+ Kc6 23. Qxb8 dxe4 24. Ne5+ Kb5 25. Be2+ c4 26. Bxc4+ Kc5 27. b4+ Kxb4 28. Nc6+ Kxc4 29. Nxd8 Rxd8 30. Qc7+ 1-0

[Event "January 9 Early 2024"]
[Site "https://www.chess.com"]
[Date "2024.01.11"]
[Round "1"]
[White "Yurasov, Matfey"]
[Black "Olcayoz, Gizem"]
[Result "1-0"]
[Board "34"]
[TimeControl "180+1"]
[WhiteFideId "55617603"]
[BlackFideId "6301444"]
[WhiteElo "2546"]
[BlackElo "1987"]
[WhiteTeam "FID"]
[BlackTeam "TUR"]
[WhiteClock "0:01:59"]
[BlackClock "0:00:45"]

1. e4 e6 2. d3 c5 3. Nd2 Nc6 4. Ngf3 g6 5. g3 Bg7 6. Bg2 Nge7 7. O-O O-O 8. Re1 e5 9. c3 d6 10. h3 h6 11. Nb3 Be6 12. Nbd2 Qd7 13. Kh2 Rae8 14. b3 f5 15. Bb2 g5 16. exf5 Bxf5 17. d4 cxd4 18. cxd4 Nxd4 19. Nxd4 exd4 20. Nc4 Nc6 21. Qh5 b5 22. Rxe8 Rxe8 23. Nxd6 Re6 24. Nxf5 1-0